Zazza, lawful female dwarven Archeologist --- ------------------ |.|---|................|---- |.|...|................|..)| |.|......--|--.........|f..| |.|...|..|...|..-----..|*@.| --|.-----..|...|--|((.|..--|---+- --.|........|...| |](.+...q@........- |...........|---- |((.|...G..--+- | --..........| -----..{...| ---.|..+...| .......... ---- |.|. |...| . +......---|--.- |..| ----.----...--|-- |..-+-- .. . --..| |......|........| |. --- |...| --.....|..#.....---- | --.-- ---|.....|-....{........| |.| --........--..|....#.....- |.-- |...<.........--........... |..-----------....-----.--............-- |.......................| .........--.. ---------------.--------- --.--.---- - --- -- -- Zazza the Digger Experience level: 1 Strength: 14 Dexterity: 9 Constitution: 12 Intelligence: 15 Wisdom: 15 Charisma: 11 Health: 0(18) Energy: 1(1) Def: 0 Gold: 0 Moves: 1378 Dungeon seed: oX6vXHCN00mzMiTm Game ID: Zazza_1622097957 Your Inventory: Weapons h - a +0 orcish dagger Tools f - an uncursed sack g - an uncursed oil lamp (0:1237) l - an uncursed towel Gems q - an uncursed touchstone Contents of the sack: a +0 dwarvish mattock 3 uncursed food rations an uncursed tripe ration an uncursed tripe ration an uncursed scroll of identify a cursed scroll of light an uncursed scroll of teleportation an uncursed spellbook of dig a blessed potion of booze an uncursed potion of fruit juice an uncursed potion of monster detection an uncursed ring of cold resistance a wand of opening (0:3) a tinning kit (0:65) Spells and supernatural/magical abilities: Name Level Category Fail Memory W - pray for help -- divine ? -- Your skills at the end: Fighting Skills Weapon Skills pick-axe [Basic] whip [Basic] Spellcasting Skills Final Attributes: You were fervently aligned. You had infravision. You were stealthy. You were fast. You were lucky. You are dead. Vanquished creatures: a yellow mold 2 jackals a fox a goblin a sewer rat 3 grid bugs a kobold zombie 3 newts 13 creatures vanquished. Voluntary challenges: You followed a strict vegan diet. You never hit with a wielded weapon. You were a pacifist. You were illiterate. You never genocided any monsters. You never polymorphed an object. You never changed form. You used no wishes. You never split a pudding. You never wrote Elbereth's name. You never violated your personal moral code. Dungeon overview: The Dungeons of Doom: levels 1 to 4 Level 1 a fountain a long staircase Level 2 Level 3 Level 4 a fountain stairs to The Gnomish Mines The Gnomish Mines: levels 5 to 7 Level 5 stairs to The Dungeons of Doom Level 6 Level 7 <- You were here some shops, some fountains, some trees History has recorded: On T:1 you entered the Dungeons of Doom to retrieve the Amulet of Yendor! On T:374 you reached level 2 of The Dungeons of Doom. On T:425 you reached level 3 of The Dungeons of Doom. On T:613 you reached level 4 of The Dungeons of Doom. On T:895 you reached level 1 of The Gnomish Mines. On T:973 you reached level 2 of The Gnomish Mines. On T:1034 you reached level 3 of The Gnomish Mines. Score breakdown: Gold: 0 ( 0 points) Experience: 1 level ( 0 points) Exploration: 7 levels ( 13.73%) (10392 points) Discoveries: 5 items ( 1.72%) ( 3932 points) Valuables value: (no points given unless you survive) Artifact value: 0 ( 0 points) Variety of kills: 8 monsters ( 2.10%) ( 4347 points) Turncount: 1378 turns ( 0 points) Survival: died (score multiplied by 80%) Total score: 14936 Latest messages: The price is deducted from your credit. You bought an orange potion for 200 gold pieces. The price is deducted from your credit. You bought a shiny ring for 150 gold pieces. The price is deducted from your credit. You bought a zinc wand for 150 gold pieces. The price is deducted from your credit. You bought a tinning kit (0:65) for 30 gold pieces. "Thank you for shopping in Akureyri's general store!" The door opens. You stop. Armand is in the way! You hear crashing rock. "Hello, Zazza! Welcome again to Akureyri's general store!" Akureyri encourages you to use your 699 zorkmids of credit. You see here 2294 gold pieces. Akureyri encourages you to use your 699 zorkmids of credit. You hear crashing rock. There are many objects here. Akureyri encourages you to use your 699 zorkmids of credit. Armand picks up 2294 gold pieces. The rothe hits! The rothe bites! (2x) The rothe hits! The rothe bites! (2x) You die... Akureyri looks at your corpse and sighs. Final status: Goodbye Zazza the Archeologist, killed by a rothe... You died in The Gnomish Mines on dungeon level 7 with 14936 points, and 0 pieces of gold, after 1378 moves. You were level 1 with a maximum of 18 hit points when you died.